 Dungeon Crawl Stone Soup version 0.30-a0-557-ge2afbf3030 (webtiles) character file.

Game seed: 5487101094305422918

868 drugrobin the Martial Artist (level 7, -5/56 HPs)
             Began as a Demigod Delver on Dec 27, 2022.
             Killed by nerve-wracking pain
             ... invoked by Grinder
              (8 damage)
             ... on level 4 of the Dungeon on Dec 28, 2022.
             The game lasted 00:14:26 (4851 turns).

drugrobin the Martial Artist (Demigod Delver)       Turns: 4851, Time: 00:14:28

Health: -5/56      AC: 12    Str: 23    XL:     7   Next: 44%
Magic:  9/9        EV:  7    Int: 12    God:
Gold:   170        SH:  0    Dex: 19    Spells: 6/6 levels left

rFire   . . .      SeeInvis .      - Unarmed
rCold   . . .      Faith    .    (no shield)
rNeg    . . .      Spirit   .    B - +0 plate armour
rPois   .          Reflect  .    w - +0 helmet
rElec   .          Harm     .    p - +0 cloak
rCorr   .          Rampage  .    (no gloves)
Will    .....                    (no boots) Stlth
                                 (no amulet)
HPRegen 0.29/turn                j - +6 ring of strength
MPRegen 0.11/turn                (no ring)

@: no status effects
A: high MP 1, forlorn, divine attributes
a: no special abilities


You were on level 4 of the Dungeon.
You visited 1 branch of the dungeon, and saw 5 of its levels.

You collected 170 gold pieces.

Inventory:

Hand Weapons
 b - a +0 sling
 u - a +3 mace
Missiles
 l - 11 stones (quivered)
 A - 5 poisoned darts
Armour
 a - a +0 leather armour
 h - a +0 chain mail
 p - a +0 cloak (worn)
 w - a +0 helmet (worn)
 B - a +0 plate armour (worn)
Jewellery
 j - a +6 ring of strength (left hand)
Wands
 f - a wand of digging (3)
 q - a wand of light (5)
Scrolls
 c - a scroll of magic mapping
 d - a scroll of fear
 g - 5 scrolls of identify {unknown}
 k - a scroll of noise {unknown}
 m - 2 scrolls of enchant weapon {unknown}
 n - 2 scrolls of poison {unknown}
 o - a scroll of enchant armour {unknown}
 s - 2 scrolls of immolation {unknown}
 t - 2 scrolls of vulnerability {unknown}
 x - a scroll of teleportation {unknown}
 y - 2 scrolls of fog
Potions
 e - 2 potions of haste
 i - 4 potions of curing
 r - a potion of mutation {unknown}
 v - 3 potions of attraction {unknown}
 z - a potion of flight {unknown}


   Skills:
 - Level 2.6 Fighting
 - Level 1.7 Dodging
 - Level 4.5 Stealth
 + Level 8.3 Unarmed Combat


You had 6 spell levels left.
You didn't know any spells.
Your spell library contained the following spells:

 Spells                   Type           Power      Damage    Failure   Level
 Summon Ice Beast         Ice/Summ       0%         N/A       100%        4
 Summon Mana Viper        Hex/Summ       0%         N/A       100%        5
 Monstrous Menagerie      Summ           0%         N/A       100%        7


Dungeon Overview and Level Annotations

Branches:
Dungeon (5/15)
 Temple: D:4-7

Annotations:
D:2 Crazy Yiuf
D:3 3 runed translucent doors, Newt's ghost, amateur KoHu
D:4 Grinder


Innate Abilities, Weirdness & Mutations

You have an increased reservoir of magic. (+10% MP)
You shall have no god before yourself.
Your divine heritage dramatically boosts your attributes as you level up.


Message History

Unknown command.
Unknown command.
The orc priest hits you but does no damage.
Grinder hits you.
You writhe in agony.
You climb upwards.
There is a stone staircase leading down here.
Unknown command.
You punch Grinder!
Grinder is severely wounded.
Grinder barely misses you.
The orc priest invokes the aid of Beogh against you.
Beogh smites you!
Unknown command.
You catch the helpless Grinder completely off-guard!
You hit Grinder.
Grinder is almost dead.
Unknown command.
Unknown command.
You closely miss Grinder.
Grinder is almost dead.
The orc priest hits you with a +0 club. Grinder barely misses you.
Unknown command.
You strike the helpless Grinder from behind!
You hit Grinder. Your punch misses Grinder.
Grinder is almost dead.
The orc priest casts a cantrip, but nothing happens.
Grinder hits you.
* * * LOW HITPOINT WARNING * * *
You writhe in agony.
* * * LOW HITPOINT WARNING * * *
Unknown command.
You catch the helpless Grinder completely off-guard!
You hit Grinder.
Grinder is almost dead.
The orc priest calls down the wrath of Beogh upon you.
Beogh smites you!
* * * LOW HITPOINT WARNING * * *
Grinder gestures at you. Pain shoots through your body!
You die...

#...........####+#.....#####
#................'.....#....
#................#.....#....
#................#.....'....
###+###.....######.....#####
#....##.....##...##'####
#............#.......#
#...........o#.......#
#..........@5#.......#
######################


You could see Grinder (blind) and an orc priest.

Vanquished Creatures
  Edmund (D:4)
  2 black bears
  An ogre (D:4)
  2 necrophages (D:4)
  2 hounds
  2 iguanas
  Natasha (D:2)
  An orc wizard (D:3)
  Robin (D:3)
  3 gnolls (D:4)
  6 adders
  A shadow imp (D:3)
  An ufetubus (D:5)
  2 worms (D:2)
  3 dart slugs
  3 orcs
  4 endoplasms
  3 giant cockroaches
  15 goblins
  10 hobgoblins
  10 jackals
  5 quokkas
  6 ball pythons
  7 bats
  3 frilled lizards (D:1)
  9 kobolds
  8 rats
112 creatures vanquished.

Notes
Turn   | Place    | Note
-------+----------+-------------------------------------------
     0 | D:5      | drugrobin the Demigod Delver began the quest for the Orb.
     0 | D:5      | Reached XP level 1. HP: 18/18 MP: 3/3
     5 | D:5      | Noticed Grinder
     5 | D:5      | Noticed a water moccasin
    54 | D:4      | Noticed an iguana
    65 | D:4      | Reached skill level 2 in Unarmed Combat
   165 | D:4      | Noticed a black bear
   254 | D:3      | Noticed a water moccasin zombie
   255 | D:3      | Found a runed translucent gate.
   255 | D:3      | Found a runed translucent gate.
   562 | D:1      | Reached XP level 2. HP: 18/25 MP: 4/4
   771 | D:1      | Reached skill level 3 in Unarmed Combat
   834 | D:1      | Reached XP level 3. HP: 22/30 MP: 5/5
  1481 | D:2      | Noticed Natasha
  1704 | D:2      | Reached skill level 4 in Unarmed Combat
  1829 | D:2      | Found a runed translucent door.
  1830 | D:2      | Noticed Crazy Yiuf
  1923 | D:2      | Reached XP level 4. HP: 26/37 MP: 6/6
  2067 | D:2      | Killed Natasha
  2556 | D:3      | Noticed Robin
  2587 | D:3      | Killed Robin
  2703 | D:3      | Found a runed translucent gate.
  2704 | D:3      | Noticed Newt's ghost (amateur KoHu)
  2969 | D:3      | Reached skill level 5 in Unarmed Combat
  3129 | D:4      | Reached XP level 5. HP: 42/42 MP: 7/7
  3430 | D:4      | Noticed Edmund
  3679 | D:4      | Killed a black bear
  3680 | D:4      | Reached skill level 6 in Unarmed Combat
  3680 | D:4      | Reached XP level 6. HP: 43/50 MP: 8/8
  4024 | D:3      | Reached skill level 7 in Unarmed Combat
  4090 | D:4      | Reached XP level 7. HP: 54/56 MP: 9/9
  4136 | D:4      | Killed Edmund
  4259 | D:4      | Reached skill level 8 in Unarmed Combat
  4851 | D:4      | Killed from afar by Grinder

Illustrated notes

Levels and vault maps discovered:
D:1:      dpeg_arrival_central, layout_basic
D:2:      layout_loops_ring, uniq_crazy_yiuf_cottage, uniq_natasha
D:3:      layout_basic, gammafunk_ghost_necromancy, lightli_corner_chamber,
          uniq_robin
D:4:      minmay_opposing_rooms, layout_gridville, uniq_edmund
D:5:      layout_cave_pools, fedhas_altar_decomposition, uniq_grinder

Skill      XL: |  1  2  3  4  5  6  7 |
---------------+----------------------+-----
Unarmed Combat | 2 3 4 5 6 7 8 |  8.3
Fighting       | |  2.6
Dodging        | |  1.7
Stealth        | |  4.5

Action                   |  1- 3 |  4- 6 |  7- 9 || total
-------------------------+-------+-------+-------++-------
Melee: Unarmed           |   193 |   186 |    48 ||   427
       Punch             |     4 |     9 |     1 ||    14
       War axe           |    10 |       |       ||    10
       Mace              |       |     1 |       ||     1
 Fire: Sling             |       |     1 |       ||     1
Throw: Stone             |     9 |    16 |     5 ||    30
Evoke: Wand              |       |       |     3 ||     3
  Use: Potion            |       |       |     2 ||     2
 Stab: Sleeping          |     8 |     4 |       ||    12
       Distracted        |       |     1 |       ||     1
       Invisible         |       |       |     4 ||     4
Armor: Leather armour    |    56 |    23 |       ||    79
       Chain mail        |       |    68 |    14 ||    82
       Plate armour      |       |       |     4 ||     4
Dodge: Dodged            |   128 |   100 |    13 ||   241

Table legend: (Time is in decaauts)
 A = Elapsed time spent in this place.
 B = Non-inter-level travel time spent in this place.
 C = Inter-level travel time spent in this place.
 D = Time resting spent in this place.
 E = Time spent auto-exploring this place.
 F = Levels seen in this place.
 G = Mean time per level.
                   A        B        C        D        E       F      G
               +--------+--------+--------+--------+--------+-----+--------+
         Total |   4822 |   4561 |    261 |    479 |   2456 |   5 |  964.4 |
       Dungeon |   4822 |   4561 |    261 |    479 |   2456 |   5 |  964.4 |
               +--------+--------+--------+--------+--------+-----+--------+

Top non-repeatable levels by time:
     D:3: 1549 daAuts
     D:4: 1434 daAuts
     D:2: 919 daAuts
     D:1: 884 daAuts
     D:5: 34 daAuts
